 Dungeon Crawl Stone Soup version 0.20.1-1-g8b1a95d (webtiles) character file.

49 Folque the Conjurer (level 3, -1/22 HPs)
             Began as a Tengu Conjurer on Nov 3, 2017.
             Killed by divine providence
             ... invoked by an orc priest
              (13 damage)
             ... on level 3 of the Dungeon.
             The game lasted 00:06:56 (1982 turns).

Folque the Conjurer (Tengu Conjurer)                Turns: 1982, Time: 00:06:57

Health: -1/22      AC:  5    Str:  8    XL:     3   Next: 77%
Magic:  4/7        EV: 12    Int: 19    God:
Gold:   126        SH:  0    Dex: 14    Spells: 1/7 levels left

rFire    . . .     SeeInvis .   g - +1 spear
rCold    . . .     Gourm    .   (no shield)
rNeg     . . .     Faith    .   a - +0 robe
rPois    .         Spirit   .   (helmet restricted)
rElec    .         Reflect  .   (no cloak)
rCorr    .         Harm     .   k - +2 pair of gloves
MR       .....                  (boots unavailable)
Stlth    ++........             (no amulet)
Regen    0.1/turn               q - +3 ring of intelligence
MPRegen  0.1/turn               (no ring)

@: no status effects
A: beak, talons 3
a: no special abilities


You were on level 3 of the Dungeon.
You were not hungry.

You visited 1 branch of the dungeon, and saw 3 of its levels.

You collected 126 gold pieces.

Inventory:

Hand Weapons
 f - a +0 short sword
 g - a +1 spear (weapon)
Armour
 a - a +0 robe (worn)
 k - a +2 pair of gloves (worn)
Jewellery
 q - a +3 ring of intelligence (left hand)
Scrolls
 i - a scroll of remove curse
Potions
 d - a potion of flight {unknown}
 e - a potion of lignification {unknown}
 n - a potion of curing
 o - a potion of mutation {unknown}
 p - a potion of agility {unknown}
 s - a potion of ambrosia {unknown}
Books
 b - a book of Conjurations

   Spells                             Type                      Level
   a - Magic Dart                     Conjuration                  1
   b - Searing Ray                    Conjuration                  2
   c - Dazzling Spray                 Conjuration/Hexes            3
   d - Fulminant Prism                Conjuration/Hexes            4
   e - Force Lance                    Conjuration/Translocation    4
   f - Iskenderun's Mystic Blast      Conjuration                  4
Comestibles
 c - 2 bread rations
 h - a royal jelly
 m - 3 meat rations
 r - a chunk of flesh


   Skills:
 * Level 2.3 Fighting
 - Level 2.1 Dodging
 - Level 2.0 Stealth
 + Level 2.5 Spellcasting
 - Level 5.5 Conjurations


You had one spell level left.
You knew the following spells:

 Your Spells              Type           Power        Failure   Level  Hunger
a - Magic Dart            Conj           ###.         1%          1    #......
b - Searing Ray           Conj           ###...       2%          2    ##.....
c - Dazzling Spray        Conj/Hex       ##....       16%         3    ###....


Dungeon Overview and Level Annotations

Branches:
Dungeon (3/15)

Altars:
Dithmenos
Xom


Innate Abilities, Weirdness & Mutations

You have a beak for a mouth.
You have claws for feet.


Message History

You claw the orc priest, but do no damage.
Your peck misses the orc priest.
The orc priest is moderately wounded.
Attack whom?
Press: ? - help, Dir - move target cursor, f - you, p - orc priest
Okay, then.
The orc priest is no longer blind.
You closely miss the orc priest. You claw the orc priest.
The orc priest is heavily wounded.
The orc priest mumbles some strange prayers to Beogh against you.
Beogh smites you!
You closely miss the orc priest. You claw the orc priest.
The orc priest is severely wounded.
The orc priest looks encouraged for a moment.
You hit the orc priest. You peck the orc priest.
The orc priest is almost dead.
The orc priest invokes the aid of Beogh against you.
Beogh smites you!
Ouch! That really hurt!
You die...

#..... #.#.#.##.#.#
#.....###.#.#.##.#.#
#........#.##.#.#
#...####.#.##.#.#
#...รท<...).##.#.#
##..#....####.#.#
#..#....# #.#.#
#..#.##.# #.#.#
#..#.##o# #@#.#
#..#.##.# #o#.#
##..#.##o####.#.#
......).>(..[.#.#
##..###########.#
..........#
########..###.#.
#####........
#......###.#.


You could see an orc priest.

Vanquished Creatures
  2 adders (D:3)
  2 orcs (D:3)
  5 bats
  2 giant cockroaches
  2 goblins
  3 hobgoblins
  2 quokkas
  A frilled lizard (D:1)
  3 kobolds
  6 rats
28 creatures vanquished.

Notes
Turn   | Place    | Note
-------+----------+-------------------------------------------
     0 | D:1      | Folque the Tengu Conjurer began the quest for the Orb.
     0 | D:1      | Reached XP level 1. HP: 10/10 MP: 4/4
   365 | D:1      | Reached XP level 2. HP: 16/16 MP: 6/6
   494 | D:1      | Reached skill level 1 in Fighting
   990 | D:2      | Found a shimmering altar of Xom.
   998 | D:2      | Found a shadowy altar of Dithmenos.
  1009 | D:2      | Learned a level 2 spell: Searing Ray
  1569 | D:3      | Reached XP level 3. HP: 19/21 MP: 2/7
  1932 | D:3      | Learned a level 3 spell: Dazzling Spray
  1982 | D:3      | Killed from afar by an orc priest

Skill      XL: |  1  2  3 |
---------------+----------+-----
Fighting       | 1 2 |  2.3
Dodging        | |  2.1
Stealth        | |  2.0
Spellcasting   | |  2.5
Conjurations   | |  5.5

Action                   || total
-------------------------++-------
Melee: Spear             ||    82
       Peck              ||    10
       Kick              ||    11
 Cast: Magic Dart        ||     9
       Searing Ray       ||     3
       Dazzling Spray    ||     1
  Use: Scroll            ||     9
       Potion            ||     1
 Stab: Sleeping          ||     2
  Eat: Chunk             ||     4
Armor: Robe              ||    14
Dodge: Dodged            ||    43
